 Dungeon Crawl Stone Soup version 0.25-a0-59-gf342c8b036 (webtiles) character file.

Game seed: 9298839738360831746, levelgen mode: deterministic

64353 MrRokkomies the Carver (level 15, -3/128 (129) HPs)
             Began as a Ghoul Gladiator on Oct 27, 2019.
             Was a High Priest of Nemelex Xobeh.
             Slain by Snorg (25 damage)
             ... on level 12 of the Dungeon on Oct 28, 2019.
             The game lasted 01:10:50 (19313 turns).

MrRokkomies the Carver (Ghoul Gladiator)           Turns: 19313, Time: 01:10:54

HP:   -3/128 (129)  AC: 21    Str: 22    XL:     15   Next: 12%
MP:   23/23         EV: 11    Int:  7    God:    Nemelex Xobeh [*****.]
Gold: 1105          SH:  3    Dex: 15    Spells: 14/14 levels left

rFire    + . .     SeeInvis .   a - +0 great sword
rCold    + + +     Gourm    .   (shield currently unavailable)
rNeg     + + +     Faith    .   n - +5 scale mail of the Realm of Zot {rC+}
rPois    ∞         Spirit   .   p - +1 helmet
rElec    .         Reflect  +   D - +2 cloak {MR+}
rCorr    .         Harm     .   u - +0 pair of gloves
MR       +++..                  m - +0 pair of boots of the Morning {rF+ Str+2 Int+4} (curse)
Stlth    ..........             d - +3 amulet of reflection
HPRegen  0.00/turn              o - ring of protection from magic
MPRegen  0.18/turn              U - ring of protection from cold

@: rotting, studying Throwing
A: rotting body, claws 1, carnivore, cold resistance 1, negative energy
resistance 3, inhibited regeneration, torment resistance, unbreathing
a: Draw Escape, Draw Destruction, Draw Summoning, Triple Draw, Deal Four, Stack
Five, Renounce Religion


You were on level 12 of the Dungeon.
You worshipped Nemelex Xobeh.
Nemelex Xobeh was extremely pleased with you.
You were not hungry.

You visited 2 branches of the dungeon, and saw 18 of its levels.

You collected 1105 gold pieces.

Inventory:

Hand Weapons
 a - a +0 great sword (weapon)
 b - a +1 dagger of venom
Missiles
 e - 551 stones
 l - 6 curare-tipped darts
 r - 4 atropa-tipped darts
 x - 175 sling bullets
 y - 6 throwing nets
 G - 31 poisoned darts (quivered)
 X - 7 silver javelins
Armour
 m - the cursed +0 pair of boots of the Morning (worn) {rF+ Str+2 Int+4}
   (You found it on level 6 of the Dungeon)

   It affects your strength (+2).
   It affects your intelligence (+4).
   It protects you from fire.
   It has a curse placed upon it.
 n - the +5 scale mail of the Realm of Zot (worn) {rC+}
   (You found it on level 6 of the Dungeon)

   It protects you from cold.
 p - a +1 helmet (worn)
 u - a +0 pair of gloves (worn)
 D - a +2 cloak of magic resistance (worn)
 F - a +3 chain mail of fire resistance
Jewellery
 d - a +3 amulet of reflection (around neck)
 o - a ring of protection from magic (left hand)
 H - an uncursed ring of protection from magic
 I - an uncursed ring of fire
 N - a +2 ring of intelligence
 T - an uncursed amulet of magic regeneration
 U - a ring of protection from cold (right hand)
Wands
 c - a wand of disintegration (9)
 i - a wand of acid (16)
 w - a wand of polymorph (10)
 O - a wand of paralysis (6)
 V - a wand of iceblast (6)
Scrolls
 g - 2 scrolls of enchant weapon
 q - 4 scrolls of blinking
 s - 9 scrolls of remove curse
 t - 5 scrolls of magic mapping
 v - 2 scrolls of fog
 A - a scroll of identify
 Q - 2 scrolls of amnesia
Potions
 h - 4 potions of haste
 j - 3 potions of brilliance
 z - 6 potions of curing
 B - a potion of flight
 J - 2 potions of cancellation
 L - a potion of magic
 M - a potion of ambrosia
Books
 C - a manual of Throwing
Miscellaneous
 K - a phial of floods (inert)
 P - a fan of gales
Comestibles
 f - 40 rations


   Skills:
 - Level 11.0 Fighting
 * Level 14.5 Long Blades
 * Level 9.2 Throwing
 - Level 8.1 Armour
 - Level 2.6 Dodging
 + Level 12.1 Invocations
 - Level 6.0 Evocations


You had 14 spell levels left.
You didn't know any spells.
Your spell library contained the following spells:

 Spells                   Type           Power        Failure   Level  Hunger
 Corona                   Hex            #......      71%         1    ##.....
 Flame Tongue             Conj/Fire      #....        71%         1    ##.....
 Infusion                 Chrm           #...         71%         1    ##.....
 Sandblast                Erth           #.....       71%         1    ##.....
 Shock                    Conj/Air       #...         71%         1    ##.....
 Sting                    Conj/Pois      #...         71%         1    ##.....
 Ensorcelled Hibernation  Hex/Ice        #.....       85%         2    ###....
 Passwall                 Tmut/Erth      #.......     85%         2    ###....
 Poisonous Vapours        Pois/Air       #.....       85%         2    ###....
 Shroud of Golubria       Chrm/Tloc      #.....       85%         2    ###....
 Song of Slaying          Chrm           #.......     85%         2    ###....
 Swiftness                Chrm/Air       #.......     85%         2    ###....
 Throw Flame              Conj/Fire      #.....       85%         2    ###....
 Confuse                  Hex            #.......     97%         3    ####...
 Conjure Flame            Conj/Fire      #.......     97%         3    ####...
 Dazzling Spray           Conj/Hex       #.....       97%         3    ####...
 Inner Flame              Hex/Fire       #.......     97%         3    ####...
 Mephitic Cloud           Conj/Pois/Air  #.......     97%         3    ####...
 Regeneration             Chrm/Necr      #.........   97%         3    ####...
 Spectral Weapon          Hex/Chrm       #.......     97%         3    ####...
 Static Discharge         Conj/Air       #.......     97%         3    ####...
 Stone Arrow              Conj/Erth      #.....       97%         3    ####...
 Tukima's Dance           Hex            #.......     97%         3    ####...
 Airstrike                Air            #.........   100%        4    #####..
 Olgreb's Toxic Radiance  Pois           #.......     100%        4    #####..
 Petrify                  Tmut/Erth      #.......     100%        4    #####..
 Sticky Flame             Conj/Fire      #.......     100%        4    #####..
 Fireball                 Conj/Fire      #.........   100%        5    ######.
 Lee's Rapid Deconstruct  Erth           #.........   100%        5    ######.
 Lightning Bolt           Conj/Air       #.........   100%        5    ######.
 Venom Bolt               Conj/Pois      #.........   100%        5    ######.


Dungeon Overview and Level Annotations

Branches:
Dungeon (12/15)            Temple (0/1) D:4            Lair (6/6) D:11
  Swamp (0/4) Lair:2        Snake (0/4) Lair:2        Slime (0/5) Lair:5
    Orc: D:9-12

Altars:
Ashenzari
Gozag
Kikubaaqudgha
Makhleb
Nemelex Xobeh
Okawaru
Ru
Trog
Wu Jian
The Shining One
Jiyva

Annotations:
D:12 Snorg
Lair:5 1 runed translucent door


Innate Abilities, Weirdness & Mutations

Your body is rotting away.
You thrive on raw meat.
You are immune to poison.
You have sharp fingernails.
You are carnivorous and can eat meat at any time.
Your flesh is cold resistant. (rC+)
You are immune to negative energy. (rN+++)
You do not regenerate when monsters are visible.
You are immune to unholy pain and torment.
You can survive without breathing.


Message History

You are too injured to fight recklessly!
You are too injured to fight recklessly!
You barely miss Snorg.
Snorg is heavily wounded.
Snorg bites you but does no damage. Snorg closely misses you.
Snorg claws you but does no damage. Snorg bites you but does no damage.
Snorg claws you. x2
You closely miss Snorg.
Snorg is heavily wounded.
Snorg bites you but does no damage. Snorg claws you.
Snorg claws you but does no damage.
You hit Snorg.
Snorg is heavily wounded.
Snorg bites you. Snorg claws you!
* * * LOW HITPOINT WARNING * * *
Snorg claws you!
* * * LOW HITPOINT WARNING * * *
Snorg bites you!!
You die...
Your body glows with a rainbow of weird colours and disappears.

#............#
#..#########.#
####..#########.#
#....).......##.#
#.###.#.####.##.#
#)# #.#....#.##.#
#)# #.####....#.#
#)###...........#
#)@#######....###
#.T........#.#.##
#.(######..#....##
#..( ...........#
##.## ####.##...##
#.# #.###.## #.#
#.# #.# #.. #.#
#.#


You could see Snorg (berserk).

Vanquished Creatures
  A storm dragon (Lair:6)
  Erolcha (D:9)
  Harold (D:9)
  7 hydras
  2 two-headed ogres
  A death yak (Lair:6)
  Sonja (D:11)
  A death drake (Lair:6)
  2 lindwurms
  An ugly thing (D:11)
  5 elephants (Lair:6)
  3 black mambas
  Maurice (D:8)
  3 torpor snails
  9 spiny frogs
  5 rime drakes
  11 komodo dragons
  2 kobold demonologists (D:12)
  A troll (D:8)
  3 hornets (Lair:2)
  8 hippogriffs
  8 blink frogs
  A dream sheep (Lair:6)
  Sigmund (D:4)
  A redback (Lair:6)
  A spriggan (D:8)
  4 wraiths
  3 basilisks
  13 yaks
  4 hungry ghosts
  A steam dragon (D:9)
  Grum (D:11)
  Edmund (D:4)
  Menkaure (D:7)
  2 wargs (D:11)
  3 swamp worms (Lair:2)
  An acid dragon (Lair:6)
  17 porcupines
  11 water moccasins
  3 orc warriors
  7 black bears
  4 ice beasts
  2 phantoms
  4 ogres
  A necrophage (D:7)
  12 wolves
  7 centaurs
  12 crocodiles
  4 big kobolds
  16 bullfrogs
  A scorpion (D:7)
  2 wyvern skeletons
  3 killer bees (D:9)
  12 wights
  6 crimson imps
  8 hounds
  3 bullfrog zombies
  8 orc priests
  2 jellies
  12 orc wizards
  5 bullfrog skeletons
  A centaur skeleton (D:10)
  An iron imp (D:3)
  8 iguanas
  Natasha (thrice) (D:2)
  10 worker ants
  4 hound skeletons
  A hound zombie (D:8)
  2 worker ant zombies
  Robin (D:2)
  8 gnolls
  13 adders
  A shadow imp (D:11)
  4 adder skeletons
  2 worms
  A dart slug (D:1)
  4 leopard geckos
  40 orcs
  8 giant cockroaches
  15 goblins
  6 hobgoblins
  19 jackals
  6 quokkas
  A ball python (D:5)
  A bat (D:1)
  4 frilled lizards
  A jackal skeleton (D:5)
  10 kobolds
  A quokka zombie (D:9)
  5 rats
  2 fungi
  4 plants
464 creatures vanquished.

Vanquished Creatures (collateral kills)
  A dire elephant (Lair:6)
  A catoblepas (Lair:6)
  2 death yaks (Lair:6)
  A manticore (Lair:6)
  A black mamba (Lair:6)
  4 elephants (Lair:6)
  A rime drake (Lair:6)
  A dream sheep (Lair:6)
  A water moccasin (Lair:6)
13 creatures vanquished.

Vanquished Creatures (others)
  A warg (D:11)
  A jelly (D:9)
  An orc wizard (D:11)
  3 ball lightnings (D:11)
  6 fungi
  16 plants
28 creatures vanquished.

Grand Total: 505 creatures vanquished

Notes
Turn   | Place    | Note
-------+----------+-------------------------------------------
     0 | D:1      | MrRokkomies the Ghoul Gladiator began the quest for the
                  | Orb.
     0 | D:1      | Reached XP level 1. HP: 17/17 MP: 0/0
   317 | D:1      | Reached skill level 3 in Long Blades
   317 | D:1      | Reached XP level 2. HP: 17/24 MP: 1/1
  1236 | D:2      | Reached XP level 3. HP: 27/27 MP: 2/2
  1292 | D:2      | Noticed Robin
  1335 | D:2      | Killed Robin
  1335 | D:2      | Reached XP level 4. HP: 6/38 MP: 3/3
  1715 | D:2      | Noticed Natasha
  1720 | D:2      | Killed Natasha
  1881 | D:2      | Found a sparkling altar of Nemelex Xobeh.
  1897 | D:2      | Reached skill level 4 in Long Blades
  1914 | D:2      | Became a worshipper of Nemelex Xobeh the Trickster
  1950 | D:2      | Reached XP level 5. HP: 43/45 MP: 4/4
  1970 | D:2      | Noticed Natasha
  1983 | D:2      | Killed Natasha
  2022 | D:2      | Received a gift from Nemelex Xobeh
  2148 | D:2      | Noticed Natasha
  2155 | D:2      | Killed Natasha
  2246 | D:3      | Reached skill level 1 in Invocations
  2338 | D:3      | Found a burning altar of Makhleb.
  2352 | D:3      | Reached XP level 6. HP: 38/52 MP: 5/5
  2954 | D:3      | Reached skill level 5 in Fighting
  3134 | D:4      | Found a staircase to the Ecumenical Temple.
  3251 | D:4      | Reached * piety under Nemelex Xobeh
  3251 | D:4      | Received a gift from Nemelex Xobeh
  3287 | D:4      | Reached skill level 5 in Long Blades
  3366 | D:4      | Noticed Edmund
  3387 | D:4      | Killed Edmund
  3387 | D:4      | Reached XP level 7. HP: 50/62 MP: 7/7
  3410 | D:4      | Noticed Sigmund
  3422 | D:4      | Killed Sigmund
  3886 | D:5      | Entered Level 5 of the Dungeon
  3894 | D:5      | Reached XP level 8. HP: 64/70 MP: 9/9
  3901 | D:5      | Reached skill level 6 in Long Blades
  3913 | D:5      | Received a gift from Nemelex Xobeh
  3983 | D:5      | Found a bloodstained altar of Trog.
  3987 | D:5      | Found an opulent altar of Gozag.
  3988 | D:5      | Found a glowing golden altar of the Shining One.
  4391 | D:5      | Upgraded the game from 0.25-a0-58-g9dd530fc12 to
                  | 0.25-a0-59-gf342c8b036
  4414 | D:5      | Reached ** piety under Nemelex Xobeh
  4416 | D:5      | Received a gift from Nemelex Xobeh
  4494 | D:5      | Reached skill level 7 in Long Blades
  4716 | D:5      | Found a shattered altar of Ashenzari.
  4720 | D:5      | Found an ornate altar of the Wu Jian Council.
  4721 | D:5      | Found an iron altar of Okawaru.
  5009 | D:5      | Found an ancient bone altar of Kikubaaqudgha.
  5296 | D:6      | Reached XP level 9. HP: 78/81 MP: 11/11
  5504 | D:6      | Received a gift from Nemelex Xobeh
  5562 | D:6      | Got a pair of polished boots
  5573 | D:6      | Identified the cursed +0 pair of boots of the Morning {rF+
                  | Str+2 Int+4} (You found it on level 6 of the Dungeon)
  5638 | D:6      | Reached skill level 5 in Invocations
  5643 | D:6      | Found a sacrificial altar of Ru.
  6149 | D:6      | Got a scorched scale mail
  6160 | D:6      | Identified the +5 scale mail of the Realm of Zot {rC+} (You
                  | found it on level 6 of the Dungeon)
  6623 | D:7      | Reached skill level 8 in Long Blades
  6868 | D:7      | Received a gift from Nemelex Xobeh
  7071 | D:7      | Reached *** piety under Nemelex Xobeh
  7077 | D:7      | Found a glowing golden altar of the Shining One.
  7079 | D:7      | Noticed Menkaure
  7084 | D:7      | Killed Menkaure
  7084 | D:7      | Reached XP level 10. HP: 93/93 MP: 13/13
  7236 | D:8      | Reached skill level 10 in Fighting
  7272 | D:8      | Got a transparent ring mail
  7273 | D:8      | Identified the cursed +0 ring mail of the Demon Prince
                  | {rPois rC+ Str+4} (You found it on level 8 of the Dungeon)
  7391 | D:8      | Noticed a two-headed ogre
  7416 | D:8      | Killed a two-headed ogre
  7416 | D:8      | Reached skill level 9 in Long Blades
  7551 | D:8      | Received a gift from Nemelex Xobeh
  7671 | D:8      | Found a bloodstained altar of Trog.
  7725 | D:9      | Noticed Harold
  7769 | D:9      | Killed Harold
  7893 | D:9      | Noticed Maurice
  7919 | D:8      | Reached skill level 1 in Armour
  7968 | D:8      | Killed Maurice
  8354 | D:9      | Reached skill level 10 in Long Blades
  8407 | D:9      | Reached XP level 11. HP: 84/102 MP: 15/15
  8571 | D:9      | Noticed Erolcha
  8808 | D:9      | Killed Erolcha
  9185 | D:9      | Got a warped helmet
  9196 | D:9      | Identified the +0 helmet of Jadan {-Tele Regen+ Dex+3} (You
                  | found it on level 9 of the Dungeon)
  9303 | D:10     | Entered Level 10 of the Dungeon
  9472 | D:10     | Received a gift from Nemelex Xobeh
  9700 | D:10     | Reached **** piety under Nemelex Xobeh
  9920 | D:11     | Received a gift from Nemelex Xobeh
  9920 | D:11     | Found a staircase to the Lair.
  9923 | D:11     | Noticed Sonja
  9933 | D:11     | Killed Sonja
  9945 | D:11     | Noticed a purple ugly thing
  9949 | D:11     | Reached skill level 5 in Armour
  9953 | D:11     | Killed a purple ugly thing
  9976 | D:11     | Reached skill level 11 in Long Blades
 10249 | D:11     | Noticed a four-headed hydra
 10266 | D:11     | Noticed Grum
 10267 | D:11     | Killed a four-headed hydra
 10289 | D:11     | Killed Grum
 11300 | Lair:1   | Entered Level 1 of the Lair of Beasts
 11420 | Lair:1   | Reached XP level 12. HP: 74/110 MP: 17/17
 11611 | Lair:1   | Received a gift from Nemelex Xobeh
 12164 | Lair:2   | Noticed a five-headed hydra
 12172 | Lair:2   | Killed a six-headed hydra
 12657 | Lair:2   | Reached skill level 12 in Long Blades
 13046 | Lair:2   | Received a gift from Nemelex Xobeh
 13072 | Lair:2   | Noticed a five-headed hydra
 13083 | Lair:2   | Killed a five-headed hydra
 13208 | Lair:2   | Found a staircase to the Snake Pit.
 13444 | Lair:2   | Noticed a four-headed hydra
 13449 | Lair:2   | Killed a four-headed hydra
 13449 | Lair:2   | Reached skill level 10 in Invocations
 13449 | Lair:2   | Reached skill level 1 in Evocations
 13488 | Lair:2   | Noticed a five-headed hydra
 13956 | Lair:2   | Killed an eight-headed hydra
 14250 | Lair:2   | Found a staircase to the Swamp.
 14632 | Lair:3   | Received a gift from Nemelex Xobeh
 14694 | Lair:3   | Reached XP level 13. HP: 106/116 MP: 19/19
 15382 | Lair:4   | Received a gift from Nemelex Xobeh
 15803 | Lair:4   | Received a gift from Nemelex Xobeh
 16141 | Lair:5   | Reached skill level 13 in Long Blades
 16168 | Lair:5   | Reached XP level 14. HP: 124/124 MP: 19/21
 16169 | Lair:5   | Found a runed translucent door.
 16175 | Lair:5   | Found a viscous altar of Jiyva.
 16191 | Lair:5   | Noticed an acid blob
 16192 | Lair:5   | Noticed an acid blob
 16192 | Lair:5   | Noticed an acid blob
 16193 | Lair:5   | Found a staircase to the Slime Pits.
 16487 | Lair:5   | Received a gift from Nemelex Xobeh
 16830 | Lair:5   | Noticed Josephine
 16833 | Lair:5   | Noticed Josephine
 16833 | Lair:5   | Josephine changed into Josephine the torpor snail
 16845 | Lair:5   | Killed Josephine the torpor snail
 17027 | Lair:5   | You fall into a shaft and drop 1 floor!
 17027 | Lair:6   | Entered Level 6 of the Lair of Beasts
 17039 | Lair:6   | Reached skill level 5 in Throwing
 17133 | Lair:6   | Received a gift from Nemelex Xobeh
 17144 | Lair:6   | Reached skill level 14 in Long Blades
 17166 | Lair:6   | Reached ***** piety under Nemelex Xobeh
 17202 | Lair:6   | Received a gift from Nemelex Xobeh
 17903 | Lair:6   | Received a gift from Nemelex Xobeh
 18177 | Lair:6   | Noticed a storm dragon
 18177 | Lair:6   | a catoblepas changed into a storm dragon
 18190 | Lair:6   | Killed a storm dragon
 18280 | Lair:6   | Noticed a dire elephant
 18294 | Lair:6   | Killed a dire elephant
 18325 | Lair:6   | Reached XP level 15. HP: 35/129 MP: 22/22
 18355 | Lair:6   | Received a gift from Nemelex Xobeh
 19297 | D:12     | Noticed Snorg
 19313 | D:12     | Slain by Snorg

Levels and vault maps discovered:
D:1:      dpeg_arrival_simpleton_b, layout_basic, bh_walls_and_bars
D:2:      layout_loops_ring, nemelex_xobeh_ov_fountains_minmay, first_ration,
          uniq_robin, uniq_natasha
D:3:      layout_basic, makhleb_grotto_becter
D:4:      layout_cave_pools, minmay_temple_entry_crystal_x,
          sigmund_edmund_badplayer
D:5:      layout_basic, marbit_many_paths, grunt_temple_overflow_open,
          minmay_manual_macuahuitl
D:6:      layout_basic, basic_altar, grunt_decor_mini_mirrors
D:7:      layout_basic, basic_altar, uniq_menkaure
D:8:      layout_basic, basic_altar, the_bakery
D:9:      layout_layer_cave, uniq_harold, uniq_maurice, uniq_erolcha
D:10:     layout_roguey
D:11:     layout_layer_cave, erik_lair_orcish_takeover,
          chequers_serial_rivers_room_a, uniq_grum, uniq_sonja
D:12:     layout_loops_ring, david_orc_4, uniq_snorg
Lair:1:   layout_roguey, chequers_serial_rivers_room_b
Lair:2:   cheibrodos_lair_overgrown_chateau, layout_chaotic_city,
          palyth_hydra_swamp_entry, beast_lair_carwin_4
Lair:3:   layout_layer_cave
Lair:4:   layout_cave_pods, grunt_megastairs_3, lemuel_fruit_fields,
          infiniplex_staircase_pool
Lair:5:   layout_misc_corridors, slime_altar_2, lemuel_fruit_fields,
          uniq_josephine
Lair:6:   hangedman_lair_in_review, layout_long_grid, st_stairs_13, minivault_27

Skill      XL: |  1  2  3  4  5  6  7  8  9 10 11 12 13 14 15 |
---------------+----------------------------------------------+-----
Long Blades    | 3 4 5 7 8 10 11 12 13 14 | 14.5
Fighting       | 3 4 5 6 8 9 11 | 11.0
Invocations    | 1 2 3 4 6 7 8 10 11 12 | 12.1
Armour         | 2 6 8 |  8.1
Evocations     | 2 6 |  6.0
Throwing       | 8 9 |  9.2
Dodging        | |  2.6

Action                   |  1- 3 |  4- 6 |  7- 9 | 10-12 | 13-15 || total
-------------------------+-------+-------+-------+-------+-------++-------
Melee: Long sword        |    98 |    24 |   202 |       |       ||   324
       Dagger            |       |   231 |   164 |    84 |       ||   479
       Scimitar          |       |       |   117 |   205 |       ||   322
       Great sword       |       |       |       |   384 |   522 ||   906
Throw: Stone             |       |     1 |       |    26 |    13 ||    40
       Throwing net      |       |       |       |     6 |       ||     6
       Dart              |       |       |       |       |    35 ||    35
Invok: Triple Draw       |       |       |       |     2 |       ||     2
       Deal Four         |       |       |       |       |     1 ||     1
 Abil: Draw Destruction  |       |       |       |    20 |     6 ||    26
       Draw Escape       |       |       |       |     2 |     2 ||     4
       Draw Summoning    |       |       |       |       |     3 ||     3
Evoke: Wand              |       |       |       |     9 |     8 ||    17
       Phial of floods   |       |       |       |       |     2 ||     2
  Use: Scroll            |     2 |     7 |     5 |    12 |     3 ||    29
       Potion            |     1 |     2 |     1 |     3 |     5 ||    12
 Stab: Held in net/web   |       |       |       |     3 |       ||     3
  Eat: Chunk             |     5 |    18 |    19 |    72 |    84 ||   198
Armor: Leather armour    |    16 |       |       |       |       ||    16
       Scale mail        |    34 |    78 |    48 |   447 |   354 ||   961
       Ring mail         |     4 |       |       |       |       ||     4
       Chain mail        |       |    30 |   205 |       |       ||   235
Dodge: Dodged            |    69 |   112 |   168 |   475 |   340 ||  1164
Block: Other             |       |       |       |    63 |    77 ||   140
       Reflection        |       |       |       |     1 |       ||     1
       Rpst.: Long sword |    27 |     4 |    23 |       |       ||    54
       Scimitar          |       |       |    24 |    27 |       ||    51
       Great sword       |       |       |       |    78 |    94 ||   172

Table legend:
 A = Non-vault XP
 B = Vault XP
 C = Vault XP percentage of total XP
 D = Non-vault monster count
 E = Vault monster count
 F = Vault count percentage of total count
                 A         B        C        D         E       F
            +---------+---------+-------+---------+---------+-------
      Total |   40210 |   26549 |  39.8 |     380 |      93 |  19.7
            +---------+---------+-------+---------+---------+-------
        D:1 |      30 |       0 |   0.0 |      18 |       0 |   0.0
        D:2 |     150 |      68 |  31.2 |      28 |      11 |  28.2
        D:3 |     149 |      39 |  20.7 |      16 |       1 |   5.9
        D:4 |     348 |     404 |  53.7 |      17 |       2 |  10.5
        D:5 |     771 |     363 |  32.0 |      25 |       3 |  10.7
        D:6 |     764 |       0 |   0.0 |      24 |       0 |   0.0
        D:7 |    1397 |     172 |  11.0 |      26 |       1 |   3.7
        D:8 |    2134 |     684 |  24.3 |      27 |       2 |   6.9
        D:9 |    1805 |    2055 |  53.2 |      34 |       2 |   5.6
       D:10 |    1458 |       0 |   0.0 |      19 |       0 |   0.0
       D:11 |    3206 |    2012 |  38.6 |      30 |      14 |  31.8
       D:12 |    1977 |       0 |   0.0 |      10 |       0 |   0.0
     Lair:1 |    1536 |       0 |   0.0 |       9 |       0 |   0.0
     Lair:2 |    3177 |    8953 |  73.8 |      15 |      29 |  65.9
     Lair:3 |     577 |       0 |   0.0 |       5 |       0 |   0.0
     Lair:4 |    4850 |     506 |   9.4 |      17 |       2 |  10.5
     Lair:5 |    5981 |    1073 |  15.2 |      28 |       4 |  12.5
     Lair:6 |    9900 |   10220 |  50.8 |      32 |      22 |  40.7
            +---------+---------+-------+---------+---------+-------
